 Dungeon Crawl Stone Soup version 0.29.0-7-g18a832c13a (webtiles) character file.

Game seed: 10386218246701526865

38 gelatine the Firebug (level 3, -1/25 HPs)
             Began as a Demonspawn Fire Elementalist on Aug 30, 2022.
             Slain by a gnoll
             ... wielding a +0 spear
              (4 damage)
             ... on level 2 of the Dungeon.
             The game lasted 00:02:43 (1789 turns).

gelatine the Firebug (Demonspawn Fire Elementalist) Turns: 1789, Time: 00:02:44

Health: -1/25      AC:  2    Str:  8    XL:     3   Next: 25%
Magic:  6/6        EV: 17    Int: 18    God:
Gold:   22         SH:  5    Dex: 13    Spells: 5/6 levels left

rFire   . . .      SeeInvis .   c - +0 mace
rCold   . . .      Faith    .   (no shield)
rNeg    . . .      Spirit   .   a - +0 robe
rPois   .          Reflect  +   (no helmet)
rElec   .          Harm     .   (no cloak)
rCorr   .          Rampage  .   (no gloves)
Will    .....                   (no boots)
Stlth   ++........              g - amulet of reflection
HPRegen 0.08/turn               (no ring)
MPRegen 0.10/turn               (no ring)

@: agile
A: powered by pain 1
a: no special abilities


You were on level 2 of the Dungeon.
You visited 1 branch of the dungeon, and saw 2 of its levels.

You collected 22 gold pieces.

Inventory:

Hand Weapons
 c - a +0 mace (weapon)
Armour
 a - a +0 robe (worn)
Jewellery
 g - an amulet of reflection (around neck)
Scrolls
 e - a scroll of noise {unknown}
 h - a scroll of identify {unknown}
 j - a scroll of teleportation {unknown}
Potions
 b - a potion of magic
 d - a potion of resistance {unknown}
 f - 2 potions of lignification {unknown}
 i - a potion of degeneration {unknown}


   Skills:
 + Level 0.4 Fighting
 + Level 0.3 Maces & Flails
 + Level 2.0 Dodging
 + Level 2.3 Stealth
 + Level 2.3 Spellcasting
 + Level 1.1 Conjurations
 + Level 3.0 Fire Magic


You had 5 spell levels left.
You knew the following spells:

 Your Spells              Type           Power      Damage    Failure   Level
a - Foxfire               Conj/Fire      36%        2x1d5     8%          1

Your spell library contained the following spells:

 Spells                   Type           Power      Damage    Failure   Level
 Scorch                   Fire           26%        2d6       8%          2
 Freeze                   Ice            8%         1d3       17%         1
 Conjure Flame            Conj/Fire      9%         6-21      22%         3
 Inner Flame              Hex/Fire       7%         N/A       28%         3
 Frozen Ramparts          Ice            4%         1d1       45%         3
 Flame Wave               Conj/Fire      9%         2d6       58%         4
 Hailstorm                Conj/Ice       4%         3d4       80%         4
 Summon Lightning Spire   Summ/Air       2%         N/A       86%         4
 Storm Form               Tmut/Air       1%         N/A       100%        7
 Maxwell's Capacitive Co  Air            1%         ∞         100%        8


Dungeon Overview and Level Annotations

Branches:
Dungeon (2/15)

Altars:


Innate Abilities, Weirdness & Mutations

You sometimes gain a little power by taking damage.


Message History

You hit the gnoll. You punch the gnoll.
The gnoll is almost dead.
The gnoll barely misses you.
You hit the gnoll.
You kill the gnoll!
You have reached level 3!
Your experience leads to an increase in your attributes!
Increase (S)trength, (I)ntelligence, or (D)exterity?
You feel clever. x2
You conjure some foxfire!
The foxfire hits the gnoll.
The gnoll is lightly wounded.
The foxfire hits the gnoll.
The gnoll is lightly wounded.
You conjure some foxfire!
You block the gnoll's attack.
The foxfire hits the gnoll.
The gnoll is moderately wounded.
The foxfire hits the gnoll.
The gnoll is heavily wounded.
The gnoll misses you. The gnoll hits you with a +0 spear!
You focus on the pain.
You feel agile all of a sudden.
You hit the gnoll but do no damage.
The gnoll is heavily wounded.
The gnoll closely misses you. The gnoll misses you.
You hit the gnoll.
The gnoll is severely wounded.
The gnoll hits you from afar with a +0 spear.
The gnoll hits you with a +0 spear!
* * * LOW HITPOINT WARNING * * *
You focus on the pain.
You feel your power returning.
The gnoll hits you from afar with a +0 spear.
* * * LOW HITPOINT WARNING * * *
The gnoll barely misses you.
You sock the gnoll!
You kill the gnoll!
The gnoll misses you.
Your Fire Magic skill increases to level 3!
The gnoll hits you with a +0 spear.
You die...

##+## #.# #.# #.#
#.# #.#### ##.##
#....# ##...####
####.# #.......# #.#
#####...##.# #.#
.......###.#######.#
###..)g........g@..#
#........#########
#.#..#.#.#
#.#......#
#.##.#.### #......#
#########
###....###.......#
#.......##.#####.#
#.......##.# #.#


You could see a gnoll.

Vanquished Creatures
  2 gnolls (D:2)
  A bat (D:1)
  2 endoplasms (D:1)
  A giant cockroach (D:2)
  3 goblins
  3 hobgoblins (D:1)
  A kobold (D:2)
  2 quokkas
  A frilled lizard (D:1)
  A rat (D:1)
17 creatures vanquished.

Vanquished Creatures (others)
  78 foxfires
78 creatures vanquished.

Grand Total: 95 creatures vanquished

Notes
Turn   | Place    | Note
-------+----------+-------------------------------------------
     0 | D:1      | gelatine the Demonspawn Fire Elementalist began the quest
                  | for the Orb.
     0 | D:1      | Reached XP level 1. HP: 13/13 MP: 3/3
   482 | D:1      | Gained mutation: You sometimes gain a little power by
                  | taking damage. [demonic ancestry]
   482 | D:1      | Reached XP level 2. HP: 19/19 MP: 0/5
  1780 | D:2      | Reached XP level 3. HP: 25/25 MP: 2/6
  1789 | D:2      | Reached skill level 3 in Fire Magic
  1789 | D:2      | Slain by a gnoll

Illustrated notes

Levels and vault maps discovered:
D:1:      ncdulo_smallfort, layout_basic
D:2:      layout_loops_corners, shapermc_ecumenical_altar_flowoftime

Skill      XL: |  1  2  3 |
---------------+----------+-----
Stealth        | 2 |  2.3
Dodging        | 2 |  2.0
Fire Magic     | 3 |  3.0
Fighting       | |  0.4
Maces & Flails | |  0.3
Spellcasting   | |  2.3
Conjurations   | |  1.1

Action                   || total
-------------------------++-------
Melee: Mace              ||    26
       Punch             ||     1
 Cast: Foxfire           ||    47
Armor: Robe              ||    12
Dodge: Dodged            ||    41
Block: Other             ||     2
